APL (24 & UNDER)
NASHUA REDLEGS @ EL PASO TEXANS
09/19/2027
 
TOP OF THE 1ST
Nashua Redlegs batting - Pitching for El Paso Texans : LHP Manuel Santiago
Pitching: LHP Manuel Santiago
Batting: SHB José Vélez 0-0: Called Strike
0-1: Swinging Strike
0-2: Ball
1-2: Strikes out swinging
Batting: LHB Robby Lawson 0-0: Called Strike
0-1: Foul Ball, location: 2F
0-2: Ball
1-2: Ball
2-2: Strikes out swinging
Batting: RHB Jorge Valenzuela 0-0: Ground out 4-3 (Groundball, 4M)
Top of the 1st over - 0 run(s), 0 hit(s), 0 error(s), 0 left on base; Nashua 0 - El Paso 0
BOTTOM OF THE 1ST
El Paso Texans batting - Pitching for Nashua Redlegs : RHP Carlos Rodríguez
Pitching: RHP Carlos Rodríguez
Batting: SHB Rick Hinton 0-0: Swinging Strike
0-1: Swinging Strike
0-2: Foul Ball, location: 2F
0-2: Ball
1-2: Foul Ball, location: 2F
1-2: Ball
2-2: Strikes out swinging
Batting: LHB William Foley 0-0: Called Strike
0-1: Ball
1-1: Ground out 6-3 (Groundball, 6)
Batting: RHB Marvin Johnson 0-0: SINGLE (Line Drive, 56D)
Batting: RHB José Murillo 0-0: Ball
1-0: Called Strike
1-1: Ball
2-1: Fly out, F2 (Popup, 2L)
Bottom of the 1st over - 0 run(s), 1 hit(s), 0 error(s), 1 left on base; Nashua 0 - El Paso 0
TOP OF THE 2ND
Nashua Redlegs batting - Pitching for El Paso Texans : LHP Manuel Santiago
Batting: LHB José Peralta 0-0: Called Strike
0-1: Foul Ball, location: 2F
0-2: Strikes out swinging
Batting: SHB Chris Young 0-0: Ball
1-0: Ball
2-0: Swinging Strike
2-1: Swinging Strike
2-2: Foul Ball, location: 2F
2-2: Foul Ball, location: 2F
2-2: Strikes out swinging
Batting: RHB Bob Fitzgerald 0-0: Ball
1-0: Foul Ball, location: 2F
1-1: Swinging Strike
1-2: Ball
2-2: Strikes out swinging
Top of the 2nd over - 0 run(s), 0 hit(s), 0 error(s), 0 left on base; Nashua 0 - El Paso 0
BOTTOM OF THE 2ND
El Paso Texans batting - Pitching for Nashua Redlegs : RHP Carlos Rodríguez
Batting: LHB Roberto Félix 0-0: Ground out 6-3 (Groundball, 6)
Batting: RHB Javier Álvarez 0-0: Ball
1-0: Ground out 4-3 (Groundball, 4)
Batting: LHB Cipriano Rangel 0-0: Ball
1-0: Foul Ball, location: 2F
1-1: Fly out, F9 (Flyball, 9S)
Bottom of the 2nd over - 0 run(s), 0 hit(s), 0 error(s), 0 left on base; Nashua 0 - El Paso 0
TOP OF THE 3RD
Nashua Redlegs batting - Pitching for El Paso Texans : LHP Manuel Santiago
Batting: RHB Toju Noguchi 0-0: Ball
1-0: Called Strike
1-1: Foul Ball, location: 2F
1-2: Ground out 5-3 (Groundball, 5)
Batting: RHB Spencer Pritchett 0-0: Called Strike
0-1: Ball
1-1: Ball
2-1: Swinging Strike
2-2: Fly out, F7 (Flyball, 56D)
Batting: RHB Katsuhito Ohayashi 0-0: Ball
1-0: Foul Ball, location: 2F
1-1: Swinging Strike
1-2: Strikes out looking
Top of the 3rd over - 0 run(s), 0 hit(s), 0 error(s), 0 left on base; Nashua 0 - El Paso 0
BOTTOM OF THE 3RD
El Paso Texans batting - Pitching for Nashua Redlegs : RHP Carlos Rodríguez
Batting: SHB Oliver Riley 0-0: Ball
1-0: SOLO HOME RUN (Flyball, 9D), Distance : 407 ft
Batting: LHB Michael Melton 0-0: Called Strike
0-1: Swinging Strike
0-2: Ball
1-2: Ball
2-2: Ball
3-2: Strikes out looking
Batting: SHB Rick Hinton 0-0: Called Strike
0-1: Ball
1-1: Ball
2-1: Called Strike
2-2: Strikes out looking
Batting: LHB William Foley 0-0: Ball
1-0: Called Strike
1-1: Ball
2-1: Swinging Strike
2-2: Ball
3-2: Strikes out looking
Bottom of the 3rd over - 1 run(s), 1 hit(s), 0 error(s), 0 left on base; Nashua 0 - El Paso 1
TOP OF THE 4TH
Nashua Redlegs batting - Pitching for El Paso Texans : LHP Manuel Santiago
Batting: SHB José Vélez 0-0: Ball
1-0: Ball
2-0: Swinging Strike
2-1: Foul Ball, location: 2F
2-2: Strikes out swinging
Batting: LHB Robby Lawson 0-0: Called Strike
0-1: Ball
1-1: Ball
2-1: Swinging Strike
2-2: Ground out U3 (Groundball, 23)
Batting: RHB Jorge Valenzuela 0-0: Ball
1-0: Called Strike
1-1: Fly out, F5 (Popup, 56S)
Top of the 4th over - 0 run(s), 0 hit(s), 0 error(s), 0 left on base; Nashua 0 - El Paso 1
BOTTOM OF THE 4TH
El Paso Texans batting - Pitching for Nashua Redlegs : RHP Carlos Rodríguez
Batting: RHB Marvin Johnson 0-0: Foul Ball, location: 2F
0-1: Ball
1-1: Ball
2-1: Foul Ball, location: 2F
2-2: Ground out 5-3 (Groundball, 56)
Batting: RHB José Murillo 0-0: Swinging Strike
0-1: Ball
1-1: Fly out, F8 (Flyball, 8RXD)
Batting: LHB Roberto Félix 0-0: Swinging Strike
0-1: Called Strike
0-2: Strikes out looking
Bottom of the 4th over - 0 run(s), 0 hit(s), 0 error(s), 0 left on base; Nashua 0 - El Paso 1
TOP OF THE 5TH
Nashua Redlegs batting - Pitching for El Paso Texans : LHP Manuel Santiago
Batting: LHB José Peralta 0-0: Ball
1-0: Swinging Strike
1-1: Ball
2-1: Fly out, F7 (Flyball, 7S)
Batting: SHB Chris Young 0-0: Foul Ball, location: 2F
0-1: Fly out, F7 (Flyball, 7D)
Batting: RHB Bob Fitzgerald 0-0: Foul Ball, location: 2F
0-1: Swinging Strike
0-2: Ball
1-2: Fly out, F9 (Line Drive, 9S)
Top of the 5th over - 0 run(s), 0 hit(s), 0 error(s), 0 left on base; Nashua 0 - El Paso 1
BOTTOM OF THE 5TH
El Paso Texans batting - Pitching for Nashua Redlegs : RHP Carlos Rodríguez
Batting: RHB Javier Álvarez 0-0: Ball
1-0: Swinging Strike
1-1: Ball
2-1: Called Strike
2-2: Ball
3-2: Strikes out swinging
Batting: LHB Cipriano Rangel 0-0: Swinging Strike
0-1: Foul Ball, location: 2F
0-2: Strikes out swinging
Batting: SHB Oliver Riley 0-0: Fly out, F7 (Flyball, 7LS)
Bottom of the 5th over - 0 run(s), 0 hit(s), 0 error(s), 0 left on base; Nashua 0 - El Paso 1
TOP OF THE 6TH
Nashua Redlegs batting - Pitching for El Paso Texans : LHP Manuel Santiago
Batting: RHB Toju Noguchi 0-0: Called Strike
0-1: Called Strike
0-2: Ball
1-2: Strikes out looking
Batting: RHB Spencer Pritchett 0-0: Ball
1-0: Swinging Strike
1-1: Fly out, F8 (Flyball, 8LM)
Batting: RHB Katsuhito Ohayashi 0-0: Ball
1-0: Called Strike
1-1: Called Strike
1-2: Strikes out looking
Top of the 6th over - 0 run(s), 0 hit(s), 0 error(s), 0 left on base; Nashua 0 - El Paso 1
BOTTOM OF THE 6TH
El Paso Texans batting - Pitching for Nashua Redlegs : RHP Carlos Rodríguez
Batting: LHB Michael Melton 0-0: Ball
1-0: Called Strike
1-1: Fly out, F9 (Flyball, 9S)
Batting: SHB Rick Hinton 0-0: Ball
1-0: Ball
2-0: Ball
3-0: Base on Balls
Batting: LHB William Foley 0-0: Ground out 6-3 (Groundball, 6S)
Rick Hinton to second
Batting: RHB Marvin Johnson 0-0: Ball
1-0: Foul Ball, location: 2F
1-1: Foul Ball, location: 2F
1-2: Ball
2-2: Strikes out swinging
Bottom of the 6th over - 0 run(s), 0 hit(s), 0 error(s), 1 left on base; Nashua 0 - El Paso 1
TOP OF THE 7TH
Nashua Redlegs batting - Pitching for El Paso Texans : LHP Manuel Santiago
Batting: SHB José Vélez 0-0: Called Strike
0-1: Called Strike
0-2: Ball
1-2: Ball
2-2: Ball
3-2: Foul Ball, location: 2F
3-2: SINGLE (Groundball, 34) (infield hit)
Pinch Hitting: RHB José Zumaya 0-0: Called Strike
0-1: Swinging Strike
0-2: Ball
1-2: Ball
2-2: Ball
3-2: Fly out, F7 (Flyball, 78S)
Pitching: RHP Bill Hines
Pinch Hitting: LHB Alonso Carbajal 0-0: Ball
1-0: Called Strike
José Vélez steals 2nd base
1-1: Ball
2-1: Swinging Strike
2-2: Strikes out looking
Batting: LHB José Peralta 0-0: Ball
1-0: Called Strike
1-1: Called Strike
1-2: Ball
Wild Pitch!
José Vélez to third
2-2: Strikes out swinging
Top of the 7th over - 0 run(s), 1 hit(s), 0 error(s), 1 left on base; Nashua 0 - El Paso 1
BOTTOM OF THE 7TH
El Paso Texans batting - Pitching for Nashua Redlegs : RHP Carlos Rodríguez
Now at 1B: José Zumaya
Now at 2B: Jason Patrick
Batting: RHB José Murillo 0-0: Ball
1-0: SINGLE (Groundball, 56D)
Batting: LHB Roberto Félix 0-0: Called Strike
0-1: Called Strike
0-2: Ball
1-2: Ball
2-2: Foul Ball, location: 2F
2-2: Foul Ball, location: 2F
2-2: Strikes out swinging
Batting: RHB Javier Álvarez 0-0: Called Strike
0-1: SINGLE (Groundball, 6D)
José Murillo to second
Pitching: RHP Jorge Vázquez
Pinch Hitting: RHB John Wilson 0-0: Ball
1-0: Ball
2-0: Ball
3-0: Called Strike
3-1: Called Strike
3-2: DOUBLE (Flyball, 78M)
José Murillo scores
Javier Álvarez to third
Runner from 3rd tries for Home, SAFE, throw made home
Batting: SHB Oliver Riley 0-0: Intentional Walk
Batting: LHB Michael Melton 0-0: Ball
1-0: SINGLE (Flyball, 8LS)
John Wilson to third
Oliver Riley to second
Pinch Hitting: LHB John Fitzgerald 0-0: Ball
1-0: Ball
2-0: Ball
3-0: Base on Balls
John Wilson scores
Oliver Riley to third
Michael Melton to second
Batting: LHB William Foley 0-0: Called Strike
0-1: Swinging Strike
0-2: Foul Ball, location: 2F
0-2: Strikes out swinging
Batting: RHB Marvin Johnson 0-0: Called Strike
0-1: Fly out, F9 (Flyball, 9LM)
Bottom of the 7th over - 3 run(s), 4 hit(s), 0 error(s), 3 left on base; Nashua 0 - El Paso 4
TOP OF THE 8TH
Nashua Redlegs batting - Pitching for El Paso Texans : RHP Bill Hines
Now at 2B: John Wilson
Now at SS: Jody Díaz
Batting: SHB Chris Young 0-0: Foul Ball, location: 2F
0-1: Ball
1-1: Foul Ball, location: 2F
1-2: Foul Ball, location: 2F
1-2: Strikes out looking
Batting: RHB Bob Fitzgerald 0-0: Swinging Strike
0-1: Swinging Strike
0-2: Ball
1-2: Ball
2-2: Ball
3-2: Foul Ball, location: 2F
3-2: Base on Balls
Batting: RHB Toju Noguchi 0-0: Called Strike
0-1: Foul Ball, location: 2F
0-2: Strikes out swinging
Batting: RHB Spencer Pritchett 0-0: Called Strike
0-1: Swinging Strike
0-2: Ball
1-2: Foul Ball, location: 2F
1-2: Foul Ball, location: 2F
1-2: Ball
2-2: Fly out, F5 (Popup, 5S)
Top of the 8th over - 0 run(s), 0 hit(s), 0 error(s), 1 left on base; Nashua 0 - El Paso 4
BOTTOM OF THE 8TH
El Paso Texans batting - Pitching for Nashua Redlegs : RHP Jorge Vázquez
Batting: RHB José Murillo 0-0: Called Strike
0-1: Ball
1-1: Foul Ball, location: 2F
1-2: Foul Ball, location: 2F
1-2: Ball
2-2: Ball
3-2: Strikes out swinging
Batting: LHB Roberto Félix 0-0: Fly out, F8 (Flyball, 8RM)
Batting: RHB Javier Álvarez 0-0: Called Strike
0-1: Called Strike
0-2: Reached on error, E6 (Popup, 6MD)
Batting: RHB John Wilson 0-0: Ball
1-0: Swinging Strike
1-1: Ball
2-1: Foul Ball, location: 2F
2-2: Foul Ball, location: 2F
2-2: Foul Ball, location: 2F
2-2: Foul Ball, location: 2F
2-2: Ball
3-2: Base on Balls
Javier Álvarez to second
Pitching: LHP Jorge Melgaza
Batting: SHB Oliver Riley 0-0: Ball
1-0: Foul Ball, location: 2F
1-1: Ball
2-1: Ball
3-1: Called Strike
3-2: Base on Balls
Javier Álvarez to third
John Wilson to second
Batting: LHB Michael Melton 0-0: Ball
1-0: Called Strike
1-1: Ball
2-1: Swinging Strike
2-2: Strikes out swinging
Bottom of the 8th over - 0 run(s), 0 hit(s), 1 error(s), 3 left on base; Nashua 0 - El Paso 4
TOP OF THE 9TH
Nashua Redlegs batting - Pitching for El Paso Texans : RHP Bill Hines
Batting: RHB Katsuhito Ohayashi 0-0: Called Strike
0-1: Ball
1-1: Called Strike
1-2: Strikes out swinging
Batting: SHB José Vélez 0-0: Called Strike
0-1: Foul Ball, location: 2F
0-2: Ball
1-2: Ball
2-2: Foul Ball, location: 2F
2-2: Foul Ball, location: 2F
2-2: Ball
3-2: Foul Ball, location: 2F
3-2: Strikes out swinging
Batting: RHB José Zumaya 0-0: Fly out, F9 (Flyball, 9)
Top of the 9th over - 0 run(s), 0 hit(s), 0 error(s), 0 left on base; Nashua 0 - El Paso 4
Thursday, March 30th, 2017 - OOTP Baseball 17.12 Build 75